Map: Corrosion EC

Players

harstem - Winner!

  • Race: Protoss Protoss
  • Spawn Location: 5:00

Denver

  • Race: Zerg Zerg
  • Spawn Location: 11:00

Event: WCS Montreal 2018

VOD

Have the link to the VOD?

Description

Time

  • Played on: Sept. 7, 2018, 1:06 p.m.
  • Length: 17:44

All games in this series

Show
View Real Time Build Order
Export as new Build Order

harstem Protoss - Winner!

Build Orders: 1 Gate Expand, Oracle Opening, Phoenix Opening, Carriers, Mass Phoenix 

Get SALT Encoding   

  12  0:01  Probe  
  13  0:13  Probe  
  14  0:18  Pylon  
  14  0:24  Probe  
  15  0:33  Probe  
  15  0:38  Gateway  
  15  0:41  Probe  
  16  0:48  Assimilator  
  17  0:51  Probe  
  18  1:03  Probe  
  19  1:15  Probe  
  20  1:26  Nexus  
  20  1:37  Cybernetics Core  
  20  1:40  Probe  
  20  1:46  Assimilator  
  21  1:52  Probe  
  22  1:55  Pylon  
  22  2:04  Probe  
  22  2:05  Adept  
  25  2:17  Probe  
  25  2:18  Stargate  
  26  2:27  Warp Gate  
  26  2:29  Probe  
  27  2:31  Adept  
  27  2:36  Probe  
  29  2:41  Probe  
  31  2:44  Probe  
  32  2:52  Probe  
  32  2:54  Phoenix, Probe  
  34  3:04  Probe  
  37  3:06  Probe  
  37  3:08  Pylon  
  38  3:13  Oracle  
  38  3:15  Gateway  
  38  3:16  Probe  
  38  3:18  Probe  
  43  3:28  Probe  
  43  3:32  Probe  
  45  3:37  Assimilator  
  45  3:40  Probe  
  45  3:41  Assimilator  
  46  3:45  Probe  
  46  3:47  Stargate  
  47  3:53  Probe  
  48  3:57  Probe  
  48  3:58  Pylon  
  49  4:04  Phoenix  
  49  4:05  Probe  
  49  4:09  Probe  
  53  4:17  Pylon, Probe  
  53  4:21  Stargate, Probe  
  55  4:25  Pylon  
  55  4:29  Phoenix, Probe  
  55  4:30  Phoenix  
  58  4:33  Probe  
  61  4:41  Pylon, Probe  
  61  4:45  Adept  
  64  4:47  Pylon  
  64  4:52  Phoenix  
  66  5:01  Phoenix x2  
  70  5:17  Nexus  
  70  5:19  Probe  
  70  5:20  Pylon  
  71  5:23  Phoenix  
  71  5:28  Phoenix  
  75  5:29  Probe  
  75  5:35  Phoenix, Probe  
  77  5:42  Probe  
  80  5:47  Probe  
  81  5:52  Twilight Council, Forge  
  81  5:54  Probe  
  82  5:59  Probe  
  82  6:00  Phoenix  
  82  6:02  Phoenix  
  87  6:06  Probe  
  87  6:09  Pylon  
  88  6:11  Probe  
  88  6:18  Probe, Protoss Air Weapons Level 1  
  90  6:20  Fleet Beacon  
  90  6:23  Probe  
  90  6:24  Assimilator  
  93  6:27  Assimilator  
  93  6:29  Shield Battery, Probe  
  92  6:36  Probe  
  92  6:38  Probe  
  94  6:41  Probe  
  94  6:42  Phoenix x2  
  99  6:48  Probe  
  99  6:51  Phoenix  
  102  6:55  Pylon  
  102  6:57  Probe  
  103  7:09  Carrier  
  103  7:13  Probe  
  103  7:14  Probe  
  105  7:16  Graviton Catapult, Probe  
  105  7:21  Pylon  
  105  7:22  Pylon  
  106  7:24  Forge  
  106  7:25  Carrier  
  112  7:34  Probe  
  113  7:39  Pylon  
  107  7:44  Probe  
  107  7:47  Carrier, Adept x2  
  117  7:51  Shield Battery  
  117  7:53  Shield Battery x2  
  117  7:54  Shield Battery  
  117  7:55  Shield Battery  
  119  8:04  Probe  
  120  8:07  Photon Cannon  
  120  8:09  Photon Cannon  
  124  8:16  Photon Cannon  
  124  8:18  Photon Cannon  
  124  8:25  Photon Cannon  
  124  8:27  Shield Battery  
  124  8:28  Carrier  
  124  8:30  Protoss Air Weapons Level 2  
  124  8:36  Photon Cannon  
  124  8:37  Pylon  
  130  8:41  Carrier  
  130  8:44  Adept x2, Shield Battery  
  130  8:47  Probe  
  135  8:49  Pylon  
  135  8:50  Carrier  
  136  9:18  Zealot x2  
  146  9:24  Probe  
  146  9:26  Probe  
  146  9:28  Photon Cannon  
  134  9:41  Probe  
  134  9:42  Probe  
  134  9:44  Stargate  
  136  9:48  Photon Cannon  
  136  9:50  Photon Cannon  
  134  9:53  Photon Cannon  
  134  9:55  Mothership  
  134  9:58  Pylon, Nexus  
  140  10:04  Carrier  
  140  10:05  Adept  
  148  10:15  Probe  
  148  10:16  Photon Cannon x2  
  148  10:19  Carrier  
  155  10:25  Twilight Council  
  155  10:26  Void Ray  
  155  10:34  Pylon  
  155  10:41  Zealot x2  
  155  10:58  Carrier  
  153  11:07  Zealot x2  
  161  11:13  Templar Archives  
  161  11:24  Nexus  
  161  11:26  Pylon  
  161  11:29  Shield Battery  
  161  11:31  Carrier  
  167  11:44  Void Ray  
  171  11:54  Gateway  
  163  12:13  Void Ray  
  157  12:24  Void Ray  
  157  12:28  Psionic Storm  
  157  12:29  Gateway  
  165  12:42  Gateway  
  165  12:44  Probe  
  165  12:47  Pylon  
  165  12:48  Oracle  
  166  12:57  Void Ray  
  173  12:58  Pylon  
  173  12:59  Photon Cannon  
  173  13:06  Cybernetics Core  
  173  13:07  Photon Cannon  
  165  13:16  Oracle  
  168  13:22  High Templar  
  168  13:24  Probe  
  168  13:26  Photon Cannon  
  171  13:29  Photon Cannon  
  171  13:32  Zealot  
  173  13:34  Oracle  
  174  13:43  Sentry  
  171  13:52  Oracle  
  171  13:53  Probe  
  171  13:55  Robotics Facility  
  175  13:59  Oracle  
  178  14:08  High Templar  
  178  14:09  Probe  
  178  14:11  Void Ray, Probe  
  178  14:13  Protoss Air Weapons Level 3, Assimilator, Photon Cannon  
  178  14:14  Assimilator  
  178  14:16  Pylon  
  183  14:17  Pylon  
  183  14:19  Photon Cannon  
  183  14:20  Photon Cannon  
  183  14:41  Zealot  
  181  14:47  High Templar x2  
  181  15:13  High Templar  
  186  15:23  High Templar x2  
  190  15:29  Observer  
  184  15:50  High Templar  
  186  16:04  Nexus  
  186  16:09  Archon  
  184  16:26  High Templar  
  186  16:42  High Templar x2  
  190  17:10  High Templar  
  198  17:35  Archon  
Show
View Real Time Build Order
Export as new Build Order

Denver Zerg 

Build Orders: Hatch First 

Get SALT Encoding   

  12  0:00  Drone  
  13  0:12  Overlord  
  13  0:16  Drone  
  14  0:30  Drone x2  
  16  0:48  Hatchery  
  15  0:51  Drone  
  15  0:55  Drone  
  17  0:59  Drone  
  18  1:09  Extractor  
  17  1:15  Spawning Pool  
  17  1:17  Drone  
  17  1:20  Drone  
  18  1:28  Drone  
  19  1:39  Drone  
  20  1:51  Drone  
  21  2:01  Queen  
  21  2:02  Zergling x4, Queen  
  27  2:10  Metabolic Boost  
  27  2:11  Drone  
  28  2:16  Overlord  
  28  2:34  Drone, Hatchery  
  28  2:35  Drone  
  29  2:39  Drone  
  29  2:41  Drone  
  31  2:45  Drone  
  31  2:46  Drone  
  33  2:53  Overlord  
  33  2:55  Drone  
  33  3:01  Queen  
  35  3:08  Drone  
  35  3:10  Overlord  
  35  3:12  Drone x2  
  38  3:14  Drone  
  38  3:17  Drone  
  38  3:19  Drone  
  41  3:22  Overlord  
  41  3:24  Drone  
  43  3:27  Drone  
  43  3:31  Drone  
  44  3:34  Overlord  
  44  3:40  Lair  
  44  3:43  Drone x2  
  44  3:44  Drone  
  44  3:45  Drone  
  44  3:47  Drone  
  48  3:49  Drone  
  48  3:52  Spore Crawler  
  48  3:55  Drone, Spore Crawler  
  48  3:57  Drone  
  48  4:00  Overlord  
  49  4:03  Extractor  
  49  4:04  Extractor  
  49  4:05  Spore Crawler  
  49  4:07  Drone  
  49  4:08  Drone  
  48  4:10  Drone  
  48  4:11  Drone  
  48  4:14  Drone x2  
  51  4:18  Drone x2  
  51  4:21  Drone  
  54  4:27  Queen  
  54  4:30  Drone x3  
  59  4:37  Extractor  
  59  4:38  Drone  
  59  4:39  Hydralisk Den  
  59  4:40  Overseer  
  59  4:44  Drone  
  59  4:45  Drone x4  
  63  4:49  Zergling x4  
  66  4:52  Zergling x2  
  66  4:54  Overlord x2  
  66  4:59  Baneling Nest  
  65  5:00  Overlord  
  65  5:05  Overlord  
  65  5:10  Muscular Augments, Overlord  
  65  5:14  Hydralisk x2  
  65  5:19  Hydralisk x2  
  65  5:20  Zergling x2  
  74  5:28  Hydralisk x3  
  73  5:34  Drone x5  
  73  5:35  Drone  
  81  5:43  Hydralisk x2  
  81  5:44  Hydralisk  
  81  5:48  Hydralisk  
  81  5:49  Hydralisk  
  89  5:54  Drone x2  
  89  5:55  Overlord  
  91  5:58  Spore Crawler  
  91  5:59  Hydralisk  
  91  6:02  Drone x3  
  95  6:09  Drone x5  
  100  6:13  Extractor, Overlord  
  100  6:15  Overlord  
  99  6:23  Drone  
  99  6:24  Grooved Spines, Drone, Overlord  
  101  6:27  Hydralisk x2  
  101  6:31  Hydralisk  
  105  6:33  Overlord  
  105  6:36  Hydralisk  
  105  6:37  Hydralisk  
  107  6:42  Hydralisk  
  107  6:43  Hydralisk  
  107  6:46  Hydralisk x2  
  115  6:47  Extractor  
  115  6:51  Overlord  
  113  6:55  Hydralisk x2  
  117  7:03  Overlord  
  117  7:08  Overlord  
  115  7:09  Drone x3  
  115  7:11  Drone  
  115  7:17  Hydralisk x3  
  115  7:19  Hatchery  
  120  7:22  Evolution Chamber  
  120  7:23  Hydralisk  
  120  7:27  Hydralisk x2  
  125  7:31  Queen  
  125  7:33  Hydralisk  
  119  7:44  Hydralisk x5  
  119  7:47  Overseer, Overlord  
  119  7:50  Zerg Missile Weapons Level 1  
  129  7:52  Hydralisk  
  129  7:55  Overlord  
  129  7:57  Hydralisk x2  
  135  8:00  Hydralisk  
  135  8:04  Hydralisk x2  
  141  8:10  Spore Crawler  
  141  8:11  Queen  
  142  8:14  Infestation Pit  
  139  8:21  Hydralisk x3  
  139  8:22  Queen  
  139  8:25  Overlord  
  147  8:30  Hydralisk x2  
  147  8:33  Overlord  
  151  8:35  Overlord  
  151  8:39  Hydralisk x2  
  155  8:45  Overlord  
  155  8:52  Infestor x2  
  155  8:55  Hydralisk  
  159  9:01  Queen  
  163  9:07  Hydralisk x4  
  163  9:09  Overlord  
  171  9:11  Spore Crawler  
  171  9:13  Zergling x2  
  171  9:14  Zergling x6  
  171  9:16  Hydralisk  
  164  9:18  Hydralisk  
  164  9:21  Hydralisk  
  166  9:36  Infestor x2  
  166  9:38  Zergling x10  
  165  9:40  Queen x2  
  167  9:47  Hydralisk  
  167  9:48  Hydralisk x3  
  175  9:55  Hydralisk x2  
  175  9:58  Queen  
  181  10:04  Queen  
  181  10:06  Hydralisk x3  
  185  10:13  Hydralisk x3  
  184  10:16  Queen  
  185  10:23  Hydralisk x2  
  185  10:24  Hydralisk  
  191  10:29  Zergling x8  
  195  10:35  Zerg Ground Armor Level 1  
  195  10:37  Queen  
  179  10:57  Infestor x2  
  160  11:04  Hydralisk x4  
  160  11:06  Queen x2  
  160  11:09  Queen  
  171  11:13  Extractor  
  171  11:14  Extractor  
  171  11:15  Queen  
  171  11:24  Hydralisk x4  
  171  11:25  Hatchery  
  178  11:31  Hydralisk x3  
  184  11:38  Infestor  
  186  11:42  Hydralisk x2  
  186  11:43  Hydralisk  
  171  12:06  Hydralisk x7  
  137  12:18  Hydralisk x4  
  137  12:20  Drone x7  
  150  12:29  Hydralisk x3  
  156  12:35  Infestor  
  158  12:40  Drone x2  
  160  12:44  Infestor  
  160  12:47  Spore Crawler, Overseer x2  
  160  12:48  Spore Crawler x2  
  159  12:52  Pneumatized Carapace  
  159  12:54  Hydralisk x2  
  163  12:59  Hydralisk x2  
  163  13:03  Queen  
  169  13:10  Hydralisk x3  
  175  13:13  Overlord  
  175  13:16  Infestor  
  177  13:26  Hydralisk x4  
  183  13:31  Overlord  
  183  13:33  Overlord x2  
  185  13:36  Infestor  
  187  13:46  Infestor x2  
  189  13:52  Extractor  
  189  13:54  Spore Crawler  
  177  13:58  Queen x2  
  177  13:59  Hydralisk x4  
  189  14:08  Infestor  
  189  14:09  Infestor  
  193  14:16  Drone x2  
  195  14:26  Hydralisk x2  
  199  14:34  Spire x2  
  199  14:35  Queen  
  199  14:58  Overseer x2  
  185  15:06  Hydralisk  
  185  15:07  Hydralisk x9  
  179  15:14  Hive, Zerg Missile Weapons Level 2  
  199  15:17  Neural Parasite, Burrow  
  191  15:28  Hydralisk x5  
  171  15:31  Queen  
  177  15:38  Infestor  
  177  15:39  Infestor  
  177  15:42  Hydralisk x2  
  183  15:54  Hydralisk x2  
  183  15:55  Hydralisk x3  
  193  16:10  Hydralisk  
  193  16:11  Hydralisk x5  
  169  16:18  Hydralisk x3  
  145  16:23  Infestor  
  145  16:25  Infestor  
  153  16:28  Hydralisk  
  153  16:29  Hydralisk  
  159  16:35  Hydralisk  
  159  16:36  Hydralisk  
  159  16:39  Hydralisk  
  163  16:40  Hydralisk  
  163  16:46  Hydralisk x2  
  171  16:58  Hydralisk x3, Queen  
  171  17:00  Overseer  
  171  17:01  Overseer x2  
  173  17:10  Hydralisk x3  
  179  17:18  Overseer  
Tags
 
Add a new tag
Caveats
  • Supply blocks, unpowered buildings, or Contaminate may cause inaccurate times.
  • Supply counts are checked every 10 seconds.